[Event "Live Chess"]
[Site "Chess.com"]
[Date "2023.09.16"]
[Round "-"]
[White "Larissa1413"]
[Black "Tercette"]
[Result "1-0"]
[WhiteElo "1918"]
[BlackElo "157"]
[TimeControl "900+5"]
[EndTime "16:32:48 PDT"]
[Termination "Larissa1413 venceu por xeque-mate"]

1. d4 Nc6 2. c4 Nxd4 3. Qxd4 c5 4.
Qd1 d5 5. cxd5 Nf6 6. Nc3 e6 7. e4 exd5 8. exd5 Bd6 9. Bd3 O-O 10. Nf3 Re8+ 11. Be3 Nd7 12. O-O b5 13. Bc2 b4 14.
Qd3 bxc3 15. Qxh7+ Kf8 16. Qh8+ Ke7 17. Bg5+ Nf6 18.
Rfe1+ Kd7 19. Bf5+ Kc7 20. Rxe8 Qd7 21. Bxd7 Bxd7 22.
Rxa8 Ne4 23. Qb8# 1-0

[Event "Live Chess"]
[Site "Chess.com"]
[Date "2023.09.16"]
[Round "-"]
[White "Joasgodoy"]
[Black "Japaawz"]
[Result "1-0"]
[WhiteElo "678"]
[BlackElo "409"]
[TimeControl "900+5"]
[EndTime "16:33:33 PDT"]
[Termination "Joasgodoy venceu por xeque-mate"]

1. e4 g6 2. Bc4 Bh6 3. Qf3 Nf6 4. d3 O-O 5. Bxh6 Kh8 6. Bxf8 Qxf8 7. Nc3 Nc6 8.
O-O-O Qh6+ 9. Kb1 d6 10. Bxf7 Be6 11. Bxe6 Na5 12. Nge2 a6 13. e5 dxe5 14. d4 e4 15. Nxe4 Nxe4 16. Rhf1 Rf8 17. Qxe4 Qxh2 18. Rh1 Qd6 19.
Qh4 Nc4 20. Qxh7# 1-0

[Event "Live Chess"]
[Site "Chess.com"]
[Date "2023.09.16"]
[Round "-"]
[White "FerreiraPedro"]
[Black "Luisgustavo100"]
[Result "1-0"]
[WhiteElo "1398"]
[BlackElo "944"]
[TimeControl "900+5"]
[EndTime "16:34:16 PDT"]
[Termination "FerreiraPedro venceu por desistência"]

1. Nf3 d5 2. d4 e6 3. c4 c5 4. dxc5 Bxc5 5. cxd5 Qxd5 6. Qxd5 exd5 7. e3 Nf6 8. Bb5+ Bd7 9. Bxd7+ Nbxd7 10. Nc3 d4 11.
Nxd4 Bxd4 12. exd4 O-O 13. O-O Rfe8 14. Bg5 Rad8 15.
Rfe1 Rxe1+ 16. Rxe1 h6 17. Bh4 g5 18. Bg3 Nb6 19.
Be5 Re8 20. Kf1 Re6 21. d5 Nbxd5 22. Nxd5 Nxd5 23. Bg3 Rxe1+ 24. Kxe1 Nf4 25. Bxf4 gxf4 26. Ke2 Kg7 27. Kf3 h5 28. Kxf4 Kg6 29. h3 f5 30.
g4 hxg4 31. hxg4 fxg4 32. Kxg4 Kf6 33. f4 a5 34. a4 b6 35. b3 Ke6 36. f5+ Kf6 37.
Kf4 Ke7 38. Ke3 Kf6 39. Kf4 Ke7 40. Ke5 Kf7 41. f6 Ke8 42. Ke6 Kf8 43. f7 Kg7 44. Ke7 1-0

[Event "Live Chess"]
[Site "Chess.com"]
[Date "2023.09.16"]
[Round "-"]
[White "Miinero"]
[Black "MNPedroh"]
[Result "0-1"]
[WhiteElo "1903"]
[BlackElo "1862"]
[TimeControl "900+5"]
[EndTime "16:35:03 PDT"]
[Termination "MNPedroh venceu por desistência"]

1. e4 e5 2. Nf3 Nc6 3. Bc4 Nf6 4.
O-O Bc5 5. c3 d6 6. d4 exd4 7.
cxd4 Bb6 8. Nc3 O-O 9. Bg5 h6 10.
Bh4 Bg4 11. Nd5 g5 12. Bg3 Nxd4 13. h3 Nxf3+ 14. gxf3 Bxh3 15. Re1 Re8 16. Qb3 Be6 17. Nxb6 axb6 18. Bxe6 Rxe6 19. Rad1 Qe8 20. Qc3 Qc6 21.
Qxc6 bxc6 22. a3 Nh5 0-1

[Event "Live Chess"]
[Site "Chess.com"]
[Date "2023.09.16"]
[Round "-"]
[White "Capi-D-Vara"]
[Black "Arthur_Maciel"]
[Result "1-0"]
[WhiteElo "1279"]
[BlackElo "1114"]
[TimeControl "900+5"]
[EndTime "16:35:47 PDT"]
[Termination "Capi-D-Vara venceu por desistência"]

1. e4 c5 2. c3 Nc6 3. d4 cxd4 4. cxd4 e6 5. Nc3 Bb4 6. Be3 Nf6 7. Bd3 O-O 8. Rc1 Qa5 9. a3 Bxc3+ 10. Rxc3 d5 11. e5 Ne4 12. Bxe4 dxe4 13. b4 Nxb4 14. axb4 Qxb4 15.
Ne2 b6 16. O-O Ba6 17. Rc2 Bd3 18. Rd2 Qb5 19. Re1 Rfc8 20. Nc1 Rc3 21. Nxd3 exd3 22. Qf3 Rac8 23. Qb7 Rc1 24. Rdd1 h6 25. Rxc1 Rxc1 26. Rxc1 Qb2 27. Qe4 g6 28. Qxd3 a5 29. Rb1 Qa2 30. Qb3 Qe2 31. Qxb6 a4 32. Qb5 a3 33. Qxe2 1-0

[Event "Live Chess"]
[Site "Chess.com"]
[Date "2023.09.16"]
[Round "-"]
[White "Lucas-LGM"]
[Black "Tercette"]
[Result "1-0"]
[WhiteElo "1568"]
[BlackElo "157"]
[TimeControl "900+5"]
[EndTime "16:35:53 PDT"]
[Termination "Lucas-LGM venceu por xeque-mate"]

1. e4 e5 2. Nf3 d5 3. exd5 c6 4. dxc6 bxc6 5. Nc3 Nd7 6. Bc4 Bd6 7. O-O Ne7 8. Re1 O-O 9. d4 exd4 10. Qxd4 Nf5 11.
Qe4 Re8 12. Qxf5 g6 13. Qxf7+ Kh8 14. Bh6 Rg8 15. Qxg8+ Qxg8 16. Bxg8 Kxg8 17. Re8+ Kf7 18. Rae1 Nf6 19. Ng5# 1-0

[Event "Live Chess"]
[Site "Chess.com"]
[Date "2023.09.16"]
[Round "-"]
[White "ViniciusBritoFc"]
[Black "Yurxx21"]
[Result "1-0"]
[WhiteElo "1206"]
[BlackElo "1477"]
[TimeControl "900+5"]
[EndTime "16:36:31 PDT"]
[Termination "ViniciusBritoFc venceu por desistência"]

1. c4 c5 2. Nc3 Nc6 3. e4 g6 4. Nf3 Bg7 5. d3 e6 6. Bd2 Nge7 7. Be2 O-O 8. O-O d5 9. exd5 exd5 10. cxd5 Nxd5 11. Nxd5 Qxd5 12. Rb1 b6 13. h3 Bb7 14.
Be3 Ne5 15. b3 Nxf3+ 16. Bxf3 Qd7 17. Bxb7 Qxb7 18. Re1 Rfd8 19. Qc2 Qd5 20. Rbd1 Bd4 21. g3 Qf3 22. Bxd4 Rxd4 23. Re3 Qh5 24. Kh2 Rad8 25. Rde1 Qf5 26. Re8+ Rxe8 27. Rxe8+ Kg7 28. Re3 h5 29.
Qc3 Kh6 30. Qd2 g5 31. h4 gxh4 32. Re5+ 1-0

[Event "Live Chess"]
[Site "Chess.com"]
[Date "2023.09.16"]
[Round "-"]
[White "abcgames2904"]
[Black "GustavoFarinha"]
[Result "0-1"]
[WhiteElo "1202"]
[BlackElo "1693"]
[TimeControl "900+5"]
[EndTime "16:37:14 PDT"]
[Termination "GustavoFarinha venceu por xeque-mate"]

1. Nf3 Nf6 2. g3 g6 3. Bg2 Bg7 4. d4 d6 5. c4 O-O 6. Nc3 Nbd7 7.
e4 e5 8. d5 Ne8 9. Bg5 f6 10. Be3 f5 11. Bg5 Ndf6 12. Qc2 h6 13. Be3 Ng4 14. h3 Nxe3 15. fxe3 fxe4 16. Nxe4 Nf6 17.
O-O-O Bf5 18. Nfd2 Nxe4 19. Nxe4 a5 20. g4 Bd7 21. a4 Qe7 22. b3 Rf7 23. Rhf1 Raf8 24.
Rxf7 Rxf7 25. c5 g5 26. c6 bxc6 27. dxc6 Be8 28. Ng3 Rf6 29. Nf5 Qf8 30. e4 Bg6 31. Rd5 Bxf5 32. gxf5 Qa8 33. Qc4 Kf8 34. Rb5 Rf7 35.
Bf3 Re7 36. Qd5 Qa7 37. Rxa5 Qe3+ 38. Kb2 Qxf3 39. Ra8+ Re8 40. Rxe8+ Kxe8 41. Qg8+ Bf8 42. Qe6+ Be7 43. Qd7+ Kf7 44. Qxc7 Qxe4 45. Qd7 Qe2+ 46.
Ka3 d5+ 47. b4 Qd3+ 48. Ka2 Qc4+ 49. Kb1 Qxb4+ 50. Kc1 Qe1+ 51. Kc2 Qe2+ 52. Kb1 Qd3+ 53. Kc1 Qa3+ 54. Kd1 Qxa4+ 55. Ke2 Qb5+ 56. Kf3 e4+ 57. Kg4 Qe2+ 58. Kg3 Qf3+ 59. Kh2 g4 60. hxg4 Qf2+ 61.
Kh3 Qf1+ 62. Kg3 Qg1+ 63. Kf4 Qh2+ 64. Ke3 Qg3+ 65. Kd4 Qd3+ 66. Ke5 Qg3+ 67. Kxd5 Qd3+ 68. Ke5 Qxd7 69. cxd7 e3 70. f6 Bxf6+ 71. Kf4 e2 72. g5 hxg5+ 73. Kf5 e1=Q 74. d8=Q Qf2+ 75. Kg4 Bxd8 76. Kh5 Qh4# 0-1

[Event "Live Chess"]
[Site "Chess.com"]
[Date "2023.09.16"]
[Round "-"]
[White "Gabriel0298"]
[Black "Fellipezin"]
[Result "1-0"]
[WhiteElo "1607"]
[BlackElo "1585"]
[TimeControl "900+5"]
[EndTime "16:39:26 PDT"]
[Termination "Gabriel0298 venceu por desistência"]

1. e4 e5 2. Nf3 Nc6 3. Bc4 Bc5 4. O-O Nf6 5. c3 d6 6. d4 exd4 7. cxd4 Bb6 8. d5 Ne5 9. Nxe5 dxe5 10. h3 O-O 11. Nc3 h6 12. Qf3 Kh7 13. Be3 Qe7 14.
Bxb6 axb6 15. Qe3 Bd7 16. f4 Nh5 17. fxe5 Qxe5 18. Rf3 Rae8 19. Raf1 Nf6 20. Ne2 Qxe4 21. Bd3 Bb5 22. Bxe4+ Rxe4 23. Qb3 Bxe2 24. Qc2 Bxf3 25. Rxf3 Kg8 26. Rxf6 Re1+ 27. Kf2 gxf6 28. Kxe1 1-0

[Event "Live Chess"]
[Site "Chess.com"]
[Date "2023.09.16"]
[Round "-"]
[White "Luisgustavo100"]
[Black "MNPedroh"]
[Result "0-1"]
[WhiteElo "944"]
[BlackElo "1862"]
[TimeControl "900+5"]
[EndTime "16:39:58 PDT"]
[Termination "MNPedroh venceu por xeque-mate"]

1. e4 e5 2. Nf3 Nc6 3. Bc4 Nf6 4. d3 Bc5 5. O-O d6 6. h3 h6 7. Nbd2 Be6 8. Bb3 O-O 9. Re1 Qd7 10. Nf1 Nh7 11.
Ng3 a5 12. c3 Bxh3 13. gxh3 Qxh3 14. d4 Bb6 15. Bd5 Nf6 16. Bxc6 bxc6 17. dxe5 Qxg3+ 18. Kf1 Qxf2# 0-1

[Event "Live Chess"]
[Site "Chess.com"]
[Date "2023.09.16"]
[Round "-"]
[White "Ferazo"]
[Black "silvaaps"]
[Result "1-0"]
[WhiteElo "1404"]
[BlackElo "783"]
[TimeControl "900+5"]
[EndTime "16:40:10 PDT"]
[Termination "Ferazo venceu por desistência"]

1. c4 d5 2. cxd5 Qxd5 3. Nc3 Qe6 4. Nf3 Nc6 5. d4 Qd6 6. e4 e5 7. d5 Nce7 8. Bd2 Bg4 9. Be2 Bxf3 10. Bxf3 Ng6 11.
Rc1 Qb4 12. O-O Qxb2 13. Rb1 Qa3 14. Rxb7 O-O-O 15. Qb1 Kd7 16. Nb5 Qa6 17. Rxc7+ Ke8 18. Be2 Qb6 19. Rfc1 a6 20. R7c6 Qb7 21. Nd6+ 1-0

[Event "Live Chess"]
[Site "Chess.com"]
[Date "2023.09.16"]
[Round "-"]
[White "Japaawz"]
[Black "Larissa1413"]
[Result "0-1"]
[WhiteElo "409"]
[BlackElo "1918"]
[TimeControl "900+5"]
[EndTime "16:41:05 PDT"]
[Termination "Larissa1413 venceu por xeque-mate"]

1. e4 e6 2. d3 d5 3. d4 Nf6 4. Nc3 Bb4 5. a3 Bxc3+ 6. bxc3 Nxe4 7. Be3 c6 8. Nf3 Nd7 9. Rb1 Ndf6 10. Ng5 Nxc3 11. Qc1 Nxb1 12. Qxb1 h6 13. Nf3 Ne4 14. Qb3 Qa5+ 15. Nd2 Nxd2 16. Bxd2 Qd8 17. Qg3 Qf6 18. c4 Qxd4 19. cxd5 Qe4+ 20. Kd1 cxd5 21. Bc3 d4 22. Qxg7 dxc3 23. Qxh8+ Ke7 24. Qxc3 Bd7 25. h4 Ba4+ 26. Kd2 Rd8+ 27. Kc1 Rd1+ 28. Kb2 Qb1# 0-1

[Event "Live Chess"]
[Site "Chess.com"]
[Date "2023.09.16"]
[Round "-"]
[White "Tercette"]
[Black "Gabriel0298"]
[Result "0-1"]
[WhiteElo "157"]
[BlackElo "1607"]
[TimeControl "900+5"]
[EndTime "16:41:22 PDT"]
[Termination "Gabriel0298 venceu por xeque-mate"]

1. e4 e6 2. Qh5 Nf6 3. Qf3 d5 4. exd5 exd5 5. Ne2 Bd6 6. Nf4 O-O 7. Bd3 Re8+ 8. Kf1 Bg4 9. Be2 Bxf3 10. Bxf3 Bxf4 11. g3 Bg5 12. h4 Bh6 13. g4 Ne4 14. g5 Bxg5 15.
hxg5 Qxg5 16. Rg1 Qf4 17. Bh5 Qxf2# 0-1

[Event "Live Chess"]
[Site "Chess.com"]
[Date "2023.09.16"]
[Round "-"]
[White "Capi-D-Vara"]
[Black "Miinero"]
[Result "0-1"]
[WhiteElo "1278"]
[BlackElo "1904"]
[TimeControl "900+5"]
[EndTime "16:42:42 PDT"]
[Termination "Miinero venceu por desistência"]

1. e4 e5 2. Nf3 Nc6 3. Bc4 Nf6 4.
O-O Bc5 5. c3 d6 6. Ng5 O-O 7. d4 exd4 8. cxd4 Nxd4 9. Be3 Ne6 10. Bxc5 Nxg5 11. e5 dxc5 12. Qxd8 Rxd8 13. exf6 gxf6 14.
Nc3 Be6 15. Bb3 a6 16. Rfd1 Bxb3 17. axb3 Kf8 18. f3 c6 19. h4 Ne6 20. Ne4 Ke7 21. Kf2 Nd4 22. Nxc5 Rab8 23. Ke3 Nc2+ 0-1

[Event "Live Chess"]
[Site "Chess.com"]
[Date "2023.09.16"]
[Round "-"]
[White "Sophowl"]
[Black "silvaaps"]
[Result "1-0"]
[WhiteElo "301"]
[BlackElo "768"]
[TimeControl "900+5"]
[EndTime "16:43:14 PDT"]
[Termination "Sophowl venceu por desistência"]

1. e4 d5 2. f3 dxe4 3. fxe4 e5 4. Nf3 Bc5 5. d4 exd4 6. c3 dxc3 7. bxc3 Qf6 8. Bb5+ Kf8 9. a4 Bg4 10. Qb3 Bxf3 11.
gxf3 Qxf3 12. Rf1 Qxe4+ 13. Kd1 Qd4+ 14. cxd4 1-0

[Event "Live Chess"]
[Site "Chess.com"]
[Date "2023.09.16"]
[Round "-"]
[White "samurai0718"]
[Black "CroNmo"]
[Result "0-1"]
[WhiteElo "1347"]
[BlackElo "1852"]
[TimeControl "900+5"]
[EndTime "16:43:50 PDT"]
[Termination "CroNmo venceu por desistência"]

1. e4 c5 2. Nf3 e6 3. Nc3 Nc6 4.
d4 cxd4 5. Nxd4 Bc5 6. Nxc6 bxc6 7. Bc4 Ne7 8. O-O O-O 9. Ne2 d5 10. exd5 cxd5 11. Bd3 e5 12. Bb5 a6 13. Ba4 Bb7 14.
c3 Ng6 15. b4 Ba7 16. Ng3 Rc8 17. Bb2 d4 18. cxd4 exd4 19. Nf5 Qd5 20. Qg4 Bb8 21. h4 Qe4 22. Qxe4 Bxe4 23. Nxd4 Nxh4 24. g3 Nf3+ 25. Nxf3 Bxf3 26. Bd7 Rc2 27. Rab1 Bxg3 28. fxg3 Rg2+ 29. Kh1 Rxb2+ 30. Kg1 Rg2+ 31. Kh1 Rd2+ 32. Kg1 Rg2+ 33. Kh1 Rd2+ 34. Kg1 Rxd7 35. Rxf3 Rfd8 36. Rbf1 f6 37. g4 Rd4 38. Rg3 Rxb4 39. a3 Ra4 40. Ra1 Rd5 41.
Ra2 Kf7 42. Kh2 Rg5 43. Kh3 a5 44. Kh4 h5 45. Rag2 hxg4 46. Rxg4 Rgxg4+ 47. Rxg4 Rxa3 48. Rc4 a4 49. Rc7+ Kg6 50. Kg4 Ra1 51. Rc5 a3 52.
Ra5 a2 53. Ra3 Rg1+ 54. Kf3 a1=Q 55. Rxa1 Rxa1 0-1

[Event "Live Chess"]
[Site "Chess.com"]
[Date "2023.09.16"]
[Round "-"]
[White "Yurxx21"]
[Black "abcgames2904"]
[Result "1-0"]
[WhiteElo "1480"]
[BlackElo "1199"]
[TimeControl "900+5"]
[EndTime "16:44:12 PDT"]
[Termination "Yurxx21 venceu por xeque-mate"]

1. e4 e5 2. Nf3 Nc6 3. Bc4 Nf6 4. Ng5 d5 5. exd5 Nxd5 6. Nxf7 Kxf7 7. Qf3+ Ke6 8. Nc3 Ne7 9. d4 b5 10. Bxd5+ Nxd5 11. Bg5 Be7 12. Bxe7 Qxe7 13. Qxd5+ Kf5 14. Qe4+ Ke6 15. Qxa8 exd4 16. O-O-O dxc3 17. Rhe1+ Kf7 18. Rxe7+ Kxe7 19. Re1+ Be6 20. Rxe6+ Kxe6 21. Qxh8 cxb2+ 22. Kxb2 a5 23. Qxg7 a4 24. Qxh7 Kd5 25. Qxc7 b4 26. c4+ Kd4 27. c5 a3+ 28. Kb3 Kd3 29. c6 Ke2 30. Qf4 Kf1 31. Qf3 Ke1 32. c7 Kf1 33. c8=Q Kg1 34. Qc1+ Kxh2 35. Qg3# 1-0

[Event "Live Chess"]
[Site "Chess.com"]
[Date "2023.09.16"]
[Round "-"]
[White "Frogstetic"]
[Black "Mell46"]
[Result "0-1"]
[WhiteElo "2000"]
[BlackElo "1434"]
[TimeControl "900+5"]
[EndTime "16:44:32 PDT"]
[Termination "Mell46 venceu por desistência"]

1. e4 e5 2. Nf3 Nc6 3. Bc4 Bc5 4. c3 Nf6 5. d4 exd4 6. cxd4 Bb4+ 7. Bd2 Bxd2+ 8. Nbxd2 O-O 9. d5 Ne7 10. O-O d6 11. h3 Ng6 12. Re1 Re8 13. Qb3 h6 14. Rac1 Nd7 15. Qc2 Nde5 16. Nxe5 Nxe5 17. Be2 Qg5 18.
Kh1 Qf4 19. Rf1 Qh4 20. Kh2 Bg4 21. Bxg4 Nxg4+ 22. Kg1 Nf6 23. Qxc7 Nxe4 24. Nxe4 Qxe4 25. Qc4 Qxc4 26. Rxc4 Re7 27. Rfc1 Kh7 28. Rc7 Rae8 29. b4 Kg6 30. g3 Kf6 31. a4 Re1+ 32. Rxe1 Rxe1+ 33. Kg2 Re7 34. Rxe7 Kxe7 35. Kf3 Kf6 36. Kf4 g6 37. f3 g5+ 38. Ke4 h5 39. g4 h4 40. f4 gxf4 41. Kxf4 Kg6 42. g5 f5 43. gxf6 Kxf6 44. Kg4 Ke5 45. Kxh4 Kxd5 46. Kg5 Ke6 47. Kg6 d5 48. h4 d4 49. h5 d3 50. h6 d2 51. h7 d1=Q 52. h8=Q Qg4+ 53. Kh7 Qh4+ 54. Kg7 Qxh8+ 55. Kxh8 Kd5 56. Kg7 Kc4 57. Kf7 Kxb4 58. Ke7 Kxa4 59. Kd6 Kb4 60. Kc7 b5 61. Kb7 a5 62.
Ka7 a4 63. Kb6 a3 0-1

[Event "Live Chess"]
[Site "Chess.com"]
[Date "2023.09.16"]
[Round "-"]
[White "Jonas_Rodrigues"]
[Black "GilbertoGOFaria"]
[Result "0-1"]
[WhiteElo "1273"]
[BlackElo "1639"]
[TimeControl "900+5"]
[EndTime "16:44:51 PDT"]
[Termination "GilbertoGOFaria venceu por desistência"]

1. e4 c5 2. d4 cxd4 3. Nf3 d6 4.
c3 dxc3 5. Bc4 g6 6. Nxc3 Bg7 7. O-O Nc6 8. Ng5 e6 9. Qf3 Ne5 10. Bb5+ Bd7 11. Bxd7+ Qxd7 12. Qg3 Nf6 13. f4 Nc6 14. e5 dxe5 15. fxe5 Nh5 16. Qf3 Nxe5 17. Qe4 O-O 18. Be3 Qd3 19. Rad1 Qxe4 20. Ncxe4 h6 21. g4 Nxg4 22.
Bc5 Be5 23. Nf3 Rfd8 24. Nxe5 Nxe5 25. Be7 Rxd1 26. Rxd1 Nf4 27. Nf6+ Kg7 28. Ne4 Nd5 29. Bd6 Nc4 30. Rc1 Nxd6 31. Nxd6 b6 32. a4 Rd8 33.
Nb7 Rd7 0-1

[Event "Live Chess"]
[Site "Chess.com"]
[Date "2023.09.16"]
[Round "-"]
[White "Tercette"]
[Black "Miinero"]
[Result "0-1"]
[WhiteElo "276"]
[BlackElo "1904"]
[TimeControl "900+5"]
[EndTime "16:45:04 PDT"]
[Termination "Miinero venceu por xeque-mate"]

1. Nf3 e5 2. e4 Nc6 3. Bc4 Bc5 4. Na3 Nf6 5. Nb5 O-O 6. O-O a6 7. Nc3 d6 8. d3 Bg4 9. Qe2 Nd4 10. Qe1 Bxf3 11.
gxf3 Nxf3+ 12. Kh1 Nxe1 13. Rxe1 Ng4 14. Nd5 Qh4 15.
Ne7+ Kh8 16. Nf5 Qxh2# 0-1

[Event "Live Chess"]
[Site "Chess.com"]
[Date "2023.09.16"]
[Round "-"]
[White "angelinho2006"]
[Black "stopgivingup"]
[Result "1-0"]
[WhiteElo "2077"]
[BlackElo "975"]
[TimeControl "900+5"]
[EndTime "16:45:19 PDT"]
[Termination "angelinho2006 venceu por desistência"]

1. e4 c5 2. Nf3 d6 3. Bc4 Nf6 4. d3 Nc6 5. O-O e6 6. c3 h6 7.
Re1 Be7 8. d4 cxd4 9. cxd4 d5 10. exd5 exd5 11. Bd3 Be6 12. Nc3 a6 13. Bf4 Bd6 14. Be5 O-O 15. Qb3 Nb4 16. Bb1 Qe7 17. a3 Nc6 18. Qc2 g6 19. Qd2 Kg7 20. h4 Bxe5 21.
dxe5 Nh5 22. Nxd5 Bxd5 23. Qxd5 Rad8 24. Qb3 Rfe8 25. Qc3 Qc7 26. Ba2 Rd7 27. e6+ f6 28. exd7 Qxd7 29. Rxe8 Qxe8 30. Re1 1-0

[Event "Live Chess"]
[Site "Chess.com"]
[Date "2023.09.16"]
[Round "-"]
[White "Larissa1413"]
[Black "Gabriel0298"]
[Result "1-0"]
[WhiteElo "1920"]
[BlackElo "1605"]
[TimeControl "900+5"]
[EndTime "16:45:51 PDT"]
[Termination "Larissa1413 venceu por desistência"]

1. d4 e6 2. c4 d5 3. Nc3 Nf6 4. cxd5 exd5 5. Bg5 Bb4 6. e3 h6 7. Bh4 g5 8. Bg3 Ne4 9. Qc2 Bf5 10. Bd3 Nd7 11.
Ne2 Ndf6 12. O-O Bxc3 13. Nxc3 Qd7 14. Be5 Bg6 15. Nxe4 dxe4 16. Bc4 Qe7 17. Qa4+ c6 18. d5 b5 19. Bxb5 cxb5 20. Qxb5+ Qd7 21. Qxd7+ Kxd7 22. Bxf6 Rab8 23. Bxh8 Rxh8 1-0

[Event "Live Chess"]
[Site "Chess.com"]
[Date "2023.09.16"]
[Round "-"]
[White "Japaawz"]
[Black "Capi-D-Vara"]
[Result "0-1"]
[WhiteElo "397"]
[BlackElo "1278"]
[TimeControl "900+5"]
[EndTime "16:46:17 PDT"]
[Termination "Capi-D-Vara venceu por desistência"]

1. e4 c5 2. d3 Nc6 3. Na3 a6 4. Nc4 b5 5. Ne3 g6 6. g3 Bg7 7. Bh3 Nf6 8. Nf3 Nd4 9. O-O d6 10. Qd2 Bxh3 11. Rd1 Nxf3+ 0-1

[Event "Live Chess"]
[Site "Chess.com"]
[Date "2023.09.16"]
[Round "-"]
[White "samurai0718"]
[Black "Frogstetic"]
[Result "0-1"]
[WhiteElo "1347"]
[BlackElo "2000"]
[TimeControl "900+5"]
[EndTime "16:46:23 PDT"]
[Termination "Frogstetic venceu por desistência"]

1. e4 e6 2. Nf3 d5 3. exd5 exd5 4. d4 Nf6 5. Bd3 Bd6 6. Bg5 O-O 7. O-O h6 8. Nc3 hxg5 9. Nxg5 c6 10. Bh7+ Nxh7 11.
Nxh7 Kxh7 12. Qh5+ Kg8 13. Rfe1 g6 14. Qh6 Qf6 15.
Re3 Qg7 16. Qg5 Qh7 17. Rh3 Bxh3 18. gxh3 0-1

[Event "Live Chess"]
[Site "Chess.com"]
[Date "2023.09.16"]
[Round "-"]
[White "Joasgodoy"]
[Black "FerreiraPedro"]
[Result "0-1"]
[WhiteElo "678"]
[BlackElo "1398"]
[TimeControl "900+5"]
[EndTime "16:46:43 PDT"]
[Termination "FerreiraPedro venceu por xeque-mate"]

1. e4 e5 2. Nf3 Nf6 3. Nxe5 d6 4. Nf3 Nxe4 5. Bd3 d5 6. Nc3 Nxc3 7. bxc3 Bd6 8. O-O O-O 9. Re1 Bg4 10. c4 dxc4 11. Bxc4 Qf6 12. h3 Bxf3 13. Qxf3 Qxf3 14. gxf3 Nc6 15. Kh1 Rfe8 16. Bb2 Be5 17. Be2 Bxb2 18.
Bb5 Rxe1+ 19. Rxe1 Kf8 20. Bxc6 bxc6 21. c3 Re8 22.
Rb1 Ba3 23. Rb7 Re1+ 24. Kg2 Bd6 25. Rxa7 Re2 26. Ra8+ Ke7 27. a4 Rxd2 28. a5 Bc5 29. a6 Rxf2+ 30. Kg3 Ra2 31. Rc8 Kd7 32. Ra8 Bb6 33.
Kf4 g6 34. Ke5 f5 35. Kf6 Rf2 36. a7 Ra2 37. Kg7 Rxa7 38. Rxa7 Bxa7 39. Kxh7 g5 40. Kg6 g4 41. hxg4 fxg4 42. fxg4 Be3 43. Kf5 Bd2 44.
c4 Kd6 45. g5 Kc5 46. g6 Bc3 47. Ke6 Kxc4 48. Kd7 c5 49. Kxc7 Kd3 50. Kc6 c4 51. Kc5 Bg7 52. Kb4 c3 53. Kb3 Kd2 54. Kc4 c2 55. Kb3 c1=Q 56. Ka2 Qb2# 0-1

[Event "Live Chess"]
[Site "Chess.com"]
[Date "2023.09.16"]
[Round "-"]
[White "CroNmo"]
[Black "abcgames2904"]
[Result "1-0"]
[WhiteElo "1852"]
[BlackElo "1199"]
[TimeControl "900+5"]
[EndTime "16:47:08 PDT"]
[Termination "CroNmo venceu por xeque-mate"]

1. d4 Nf6 2. c4 d5 3. Nf3 e6 4.
cxd5 exd5 5. Nc3 Bb4 6. e3 Bxc3+ 7. bxc3 b6 8. Be2 Bb7 9. a4 a5 10. Ba3 c5 11. dxc5 bxc5 12. Bxc5 Nbd7 13. Bb5 Qc7 14.
Bd4 O-O 15. O-O Ne4 16. Rc1 Nd6 17. Bxd7 Qxd7 18. Ne5 Qxa4 19. Qxa4 Nc4 20. Nxc4 dxc4 21. Qxc4 Rac8 22. Qa4 Rfe8 23. c4 Re6 24. c5 Ra6 25. c6 Bxc6 26. Rxc6 Raxc6 27. Bb2 Rc2 28. Rb1 h6 29. h3 Rxb2 30. Rxb2 Rc1+ 31. Kh2 Rf1 32. Rb8+ Kh7 33. Qe4+ g6 34. Qe5 g5 35. Qf6 a4 36. Qxf7# 1-0

[Event "Live Chess"]
[Site "Chess.com"]
[Date "2023.09.16"]
[Round "-"]
[White "Jonas_Rodrigues"]
[Black "Tercette"]
[Result "1-0"]
[WhiteElo "1273"]
[BlackElo "276"]
[TimeControl "900+5"]
[EndTime "16:47:49 PDT"]
[Termination "Jonas_Rodrigues venceu por xeque-mate"]

1. e4 e5 2. f4 Nf6 3. fxe5 Nxe4 4. Bd3 Qh4+ 5. g3 Qd8 6. Bxe4 Nc6 7. Nf3 Be7 8. O-O O-O 9. d4 Nxd4 10. Nxd4 c5 11. Nf5 d6 12. Nxe7+ Qxe7 13. Qd3 Qxe5 14. Bxh7+ Kh8 15.
Nc3 Qd4+ 16. Be3 Qe5 17. Rf5 Qe7 18. Rh5 Re8 19. Bg8+ Kxg8 20. Qh7+ Kf8 21. Qh8# 1-0

[Event "Live Chess"]
[Site "Chess.com"]
[Date "2023.09.16"]
[Round "-"]
[White "ViniciusBritoFc"]
[Black "GustavoFarinha"]
[Result "0-1"]
[WhiteElo "1205"]
[BlackElo "1694"]
[TimeControl "900+5"]
[EndTime "16:48:25 PDT"]
[Termination "GustavoFarinha venceu por xeque-mate"]

1. c4 Nf6 2. Nc3 g6 3. e4 d6 4. d4 Bg7 5. e5 dxe5 6. dxe5 Nfd7 7. Nf3 O-O 8. Qe2 b6 9. Be3 Nxe5 10. Nxe5 Bxe5 11. Qd2 Qxd2+ 12. Bxd2 Bb7 13. f3 Nc6 14. O-O-O a5 15. Be2 Nd4 16. Rhe1 Nxe2+ 17. Rxe2 Bxh2 18. Rxe7 Bd6 19. Re2 a4 20. a3 Rfe8 21. Rxe8+ Rxe8 22. Nd5 Bxd5 23. cxd5 Re2 24. Rg1 Bc5 25. Re1 Rxg2 26. Bc3 f5 27. Re8+ Kf7 28. Rc8 Bd6 29. Bb4 Ke7 30.
Bxd6+ Kxd6 31. Rd8+ Ke7 32. Rc8 Kd7 33. Rh8 Rh2 34.
Rg8 Rh3 35. Rg7+ Kd6 36. f4 Rh4 37. Kc2 c5 38. dxc6 Kxc6 39. b4 axb3+ 40. Kxb3 Rxf4 41.
Rxh7 Rg4 42. Rh6 f4 43. a4 f3 44. Rh1 f2 45. Rc1+ Kd5 46. Rd1+ Ke4 47. Rf1 Rg2 48.
Kb4 Ke3 49. Kb5 Rg1 50. Rxf2 Kxf2 51. Kxb6 Ra1 52. Ka5 g5 53. Kb5 g4 54. a5 g3 55. a6 g2 56. Kb6 g1=Q 57. Kb7 Kf3 58. a7 Qxa7+ 59. Kc6 Ra6+ 60. Kd5 Qb7+ 61. Kc4 Rc6+ 62.
Kd4 Qd7+ 63. Ke5 Re6+ 64. Kf5 Qf7+ 65. Kg5 Rf6 66. Kh4 Qg7 67. Kh5 Rh6# 0-1

[Event "Live Chess"]
[Site "Chess.com"]
[Date "2023.09.16"]
[Round "-"]
[White "Miinero"]
[Black "GilbertoGOFaria"]
[Result "0-1"]
[WhiteElo "1869"]
[BlackElo "1664"]
[TimeControl "900+5"]
[EndTime "16:49:30 PDT"]
[Termination "GilbertoGOFaria venceu por desistência"]

1. e4 e5 2. Nf3 Nc6 3. Bc4 Bc5 4.
O-O Nf6 5. d3 O-O 6. c3 d6 7.
Re1 Na5 8. Bb5 c6 9. Ba4 b5 10. Bc2 Nb7 11. Nbd2 Qb6 12. Qe2 Bg4 13. h3 Bh5 14. Nf1 Rae8 15. Ng3 Bg6 16. Bg5 Nd7 17. Nh4 Nd8 18. Nhf5 Ne6 19. Bd2 Nf4 20. Bxf4 exf4 21. Nh1 Bxf5 0-1

[Event "Live Chess"]
[Site "Chess.com"]
[Date "2023.09.16"]
[Round "-"]
[White "Capi-D-Vara"]
[Black "Gabriel0298"]
[Result "0-1"]
[WhiteElo "1275"]
[BlackElo "1607"]
[TimeControl "900+5"]
[EndTime "16:50:47 PDT"]
[Termination "Gabriel0298 venceu por desistência"]

1. e4 e6 2. d4 d5 3. Bd3 Nf6 4. e5 Nfd7 5. Nc3 c5 6. Nce2 Nc6 7. c3 Qb6 8. f4 cxd4 9. cxd4 Nxd4 10. Nxd4 Qxd4 11.
Nf3 Bb4+ 12. Ke2 Qb6 13. Be3 Bc5 14. Bxc5 Qxc5 15. Qc2 Qxc2+ 16. Bxc2 b6 17. Rac1 Ba6+ 18. Bd3 Bxd3+ 19. Kxd3 Nc5+ 20. Ke3 O-O 21. Nd4 Rac8 22. b4 Ne4 23. a3 a5 24. bxa5 bxa5 25. a4 Rc3+ 26. Ke2 Rfc8 27. Rxc3 Rxc3 28. Rb1 g6 29.
Rb5 Rc4 0-1

[Event "Live Chess"]
[Site "Chess.com"]
[Date "2023.09.16"]
[Round "-"]
[White "Frogstetic"]
[Black "FerreiraPedro"]
[Result "1-0"]
[WhiteElo "2001"]
[BlackElo "1398"]
[TimeControl "900+5"]
[EndTime "16:51:12 PDT"]
[Termination "Frogstetic venceu por desistência"]

1. e4 e5 2. Nf3 Nf6 3. Nc3 Nc6 4.
Bc4 Bc5 5. d3 h6 6. O-O d6 7. h3 O-O 8. Be3 Bb6 9. a4 Re8 10.
Bxb6 a6 11. Be3 Be6 12. Nd5 Bxd5 13. exd5 Na5 14. Ba2 c6 15. b4 cxd5 16. bxa5 Qxa5 17. Qd2 Qxa4 18. Bxd5 Qb5 19. Bc4 Qc6 20. Bxh6 gxh6 21. Qxh6 Nh7 22. Ng5 Nxg5 23. Qxg5+ Kf8 24. f4 d5 25. Bb3 exf4 26. Rxf4 Qc5+ 27. Kh1 Rad8 28. Rh4 Qd4 29. Rxd4 1-0